 Dungeon Crawl Stone Soup version 0.30.0-5-g1a98f26d00 (webtiles) character file.

Game seed: 8245368269153748929

447 cheesebisquit the Sneak (level 6, -8/52 HPs)
             Began as a Draconian Fire Elementalist on May 12, 2023.
             Mangled by Edmund
             ... wielding a +2 flail of protection
              (10 damage)
             ... on level 5 of the Dungeon.
             The game lasted 00:14:37 (4668 turns).

cheesebisquit the Sneak (DrFE)                      Turns: 4668, Time: 00:14:38

Health: -8/52      AC:  6    Str:  8 (10) XL:     6   Next: 73%
Magic:  0/9        EV: 13    Int: 17 (18) God:
Gold:   259        SH:  0    Dex: 11      Spells: 8/9 levels left

rFire   . . .        c - +0 dagger
rCold   . . .        (no shield)
rNeg    . . .        (body armour unavailable)
rPois   .            (helmet restricted)
rElec   .            (no cloak)
rCorr   .            (no gloves)
SInv    .            (no boots)
Will    .....        (no amulet)
Stlth   ++           (no ring)
HPRegen 0.28/turn    (no ring)
MPRegen 0.11/turn

%: no passive effects
@: mighty, brilliant, hasted, very quick
A: AC +6, unfitting armour, cold-blooded
a: no special abilities


You were on level 5 of the Dungeon.
You visited 1 branch of the dungeon, and saw 5 of its levels.

You collected 259 gold pieces.

Inventory:

Hand Weapons
 c - a +0 dagger (weapon)
Missiles
 k - 4 poisoned darts
Magical Staves
 i - a staff of air
Jewellery
 a - an amulet of the acrobat
Scrolls
 f - 2 scrolls of teleportation {unknown}
 j - 2 scrolls of blinking {unknown}
 l - a scroll of enchant armour {unknown}
 m - 2 scrolls of vulnerability {unknown}
 n - 2 scrolls of identify {unknown}
 o - 4 scrolls of enchant weapon {unknown}
 p - 2 scrolls of amnesia {unknown}
Potions
 b - a potion of degeneration


   Skills:
 + Level 4.2 Fighting
 + Level 4.0 Dodging
 + Level 4.3 Stealth
 - Level 2.0 Spellcasting
 - Level 1.0 Conjurations
 - Level 3.0 Fire Magic


You had 8 spell levels left.
You knew the following spells:

 Your Spells              Type           Power      Damage    Failure   Level
a - Foxfire               Conj/Fire      48%        2x1d6     9%          1

Your spell library contained the following spells:

 Spells                   Type           Power      Damage    Failure   Level
 Scorch                   Fire           34%        2d6       9%          2
 Magic Dart               Conj           28%        1d4       13%         1
 Searing Ray              Conj           14%        2d5       19%         2
 Inner Flame              Hex/Fire       10%        N/A       30%         3
 Volatile Blastmotes      Fire/Tloc      20%        2d11      30%         3
 Tukima's Dance           Hex            2%         N/A       50%         3
 Flame Wave               Conj/Fire      12%        2d6       63%         4
 Fulminant Prism          Conj/Hex       2%         3d5       83%         4
 Passage of Golubria      Tloc           2%         N/A       88%         4
 Yara's Violent Unravell  Hex/Tmut       1%         3d3       99%         5


Dungeon Overview and Level Annotations

Branches:
Dungeon (5/15)
 Temple: D:4-7

Altars:

Shops:
D:1 =

Annotations:
D:5 Edmund


Innate Abilities, Weirdness & Mutations

Your plain brown scales are hard. (AC +6)
You cannot fit into any form of body armour.
You are cold-blooded and may be slowed by cold attacks.


Message History

You closely miss Edmund. You tail-slap Edmund, but do no damage.
Edmund is heavily wounded.
The foxfire hits Edmund.
Edmund is severely wounded.
The foxfire hits Edmund but does no damage.
Edmund is severely wounded.
Edmund says, "People accused me of being a cutpurse!"
Edmund hits you with a +2 flail of protection.
* * * LOW HITPOINT WARNING * * *
Casting: Foxfire (safe; 9% risk of failure)
Press: ? - help, Q - select action, (/) - cycle Dir - look around, f - activate You feel a surge of power!
You conjure some foxfire!
Edmund hits you with a +2 flail of protection.
* * * LOW HITPOINT WARNING * * *
You hit Edmund but do no damage.
Edmund is severely wounded.
The foxfire hits Edmund but does no damage.
Edmund is severely wounded.
The foxfire hits Edmund but does no damage.
Edmund is severely wounded.
Edmund hits you with a +2 flail of protection!
* * * LOW HITPOINT WARNING * * *
Casting: Foxfire (safe; 9% risk of failure)
Press: ? - help, Q - select action, (/) - cycle Dir - look around, f - activate You feel a surge of power!
You conjure some foxfire!
Edmund barely misses you.
You barely miss Edmund.
Edmund is severely wounded.
The foxfire hits Edmund but does no damage.
Edmund is severely wounded.
The foxfire hits Edmund but does no damage.
Edmund is severely wounded.
Edmund hits you with a +2 flail of protection!
* * * LOW HITPOINT WARNING * * *
It was a potion of might.
You feel very mighty all of a sudden. Edmund barely misses you.
It was a potion of haste.
You feel yourself speed up.
Edmund hits you with a +2 flail of protection!
You die...

# #......... #.##
##..... ...
#...###....# ..# #.
#.#....# ..# #.
#....# ..# #.
##...### ##..#..
#.##......###.....#
#.#..####....<#
#.@.## #.....##
##@## #........#
#.# #.........# #.#
#...........# #.#
#............# #.#
#............. ...
.............. #.#


You could see Edmund.

Vanquished Creatures
  A black bear (D:4)
  A scorpion (D:4)
  A hound (D:4)
  A sleepcap (D:4)
  Jessica (D:2)
  Robin (D:2)
  A gnoll (D:1)
  9 adders
  An ufetubus (D:4)
  3 worms (D:2)
  An orc (D:4)
  8 ball pythons
  9 endoplasms
  A giant cockroach (D:3)
  13 goblins
  11 hobgoblins
  10 jackals
  3 quokkas
  9 bats
  A frilled lizard (D:2)
  A kobold (D:1)
  3 rats
90 creatures vanquished.

Vanquished Creatures (others)
  A goblin (D:2)
  338 foxfires
339 creatures vanquished.

Grand Total: 429 creatures vanquished

Notes
Turn   | Place    | Note
-------+----------+-------------------------------------------
     0 | D:1      | cheesebisquit the Draconian Fire Elementalist began the
                  | quest for the Orb.
     0 | D:1      | Reached XP level 1. HP: 14/14 MP: 3/3
   144 | D:1      | Found Exoi's Jewellery Boutique.
   269 | D:1      | Reached skill level 1 in Fighting
   269 | D:1      | Reached XP level 2. HP: 23/23 MP: 3/5
   742 | D:1      | Reached XP level 3. HP: 28/28 MP: 1/6
  1433 | D:2      | Noticed Jessica
  1439 | D:2      | Killed Jessica
  1440 | D:2      | Reached XP level 4. HP: 37/37 MP: 0/7
  1650 | D:2      | Noticed Robin
  1904 | D:2      | Killed Robin
  2222 | D:2      | Reached XP level 5. HP: 42/42 MP: 5/8
  3624 | D:4      | Reached XP level 6. HP: 40/52 MP: 9/9
  4577 | D:5      | Entered Level 5 of the Dungeon
  4590 | D:5      | Noticed Edmund
  4666 | D:5      | HP: 1/52 [Edmund/+2 flail of protection (7)]
  4668 | D:5      | Mangled by Edmund

Illustrated notes

Levels and vault maps discovered:
D:1:      ebering_hopf_link, layout_basic, serial_shops, nicolae_lakefront_shop
D:2:      layout_rooms, minivault_25, minmay_domino_2, uniq_robin, uniq_jessica
D:3:      layout_loops_corners
D:4:      layout_cave_pods
D:5:      layout_layer_cave, temple_doors_e, gammafunk_ghost_split, uniq_edmund,
          uniq_sigmund

Skill      XL: |  1  2  3  4  5  6 |
---------------+-------------------+-----
Stealth        | 2 3 4 |  4.3
Dodging        | 2 3 4 |  4.0
Fighting       | 1 2 3 4 |  4.2
Spellcasting   | |  2.0
Conjurations   | |  1.0
Fire Magic     | |  3.0

Action                     |  1- 3 |  4- 6 || total
---------------------------+-------+-------++-------
  Melee: Dagger            |    13 |   127 ||   140
         Tailslap          |     1 |    15 ||    16
         Punch             |       |     1 ||     1
   Cast: Foxfire           |    59 |   131 ||   190
    Use: Potion            |       |    13 ||    13
 Armour: Skin              |     6 |    64 ||    70
  Dodge: Dodged            |    12 |   141 ||   153
